 Dungeon Crawl Stone Soup version 0.30-a0-879-ga8ba668304 (webtiles) character file.

Game seed: 15220993745208316924

107 Pimp the Trooper (level 4, 0/40 HPs)
             Began as an Armataur Cinder Acolyte on Mar 13, 2023.
             Was an Elder of Ignis.
             Slain by an orc
             ... wielding a +0 mace
              (4 damage)
             ... on level 3 of the Dungeon.
             The game lasted 00:05:05 (2587 turns).

Pimp the Trooper (Armataur Cinder Acolyte)          Turns: 2587, Time: 00:05:08

Health: 0/40       AC:  6    Str: 14 (20) XL:     4   Next: 57%
Magic:  6/6        EV:  1    Int: 14 (16) God:    Ignis [****..]
Gold:   181        SH:  0    Dex: -1 (5)  Spells: 6/6 levels left

rFire   + + .      SeeInvis .    a - +0 hand axe (flame)
rCold   + . .      Faith    .    (no shield)
rNeg    . . .      Spirit   .    d - +0 ring mail
rPois   +          Reflect  .    (no helmet)
rElec   +          Roll     +    o - +0 cloak
rCorr   +                        (no gloves)
Will    .....                    (no barding) Stlth
                                 (no amulet)
HPRegen 0.26/turn                (no ring)
MPRegen 0.10/turn                (no ring)

@: resistant, slowed, lost dexterity, very slow
A: large, rugged brown scales 3, deformed body, armoured tail, roll, long
tongue, awkward tongue
a: Renounce Religion, Fiery Armour, Foxfire Swarm


You were on level 3 of the Dungeon.
You worshipped Ignis.
Ignis was greatly pleased with you.
You visited 1 branch of the dungeon, and saw 3 of its levels.

You collected 181 gold pieces.

Inventory:

Hand Weapons
 a - a +0 hand axe of flaming (weapon)
Missiles
 i - 3 javelins (quivered)
 k - 5 atropa-tipped darts
 q - 2 throwing nets
Armour
 b - a +0 robe
 d - a +0 ring mail (worn)
 o - a +0 cloak (worn)
Wands
 g - a wand of mindburst (15)
Scrolls
 e - a scroll of immolation {unknown}
 h - a scroll of identify
 j - 2 scrolls of blinking
 s - a scroll of silence {unknown}
Potions
 c - 3 potions of lignification
 f - 3 potions of brilliance
 m - a potion of curing {unknown}
 n - a potion of degeneration
 p - a potion of mutation {unknown}
 r - a potion of attraction {unknown}


   Skills:
 + Level 3.2 Fighting
 + Level 2.9 Axes
 + Level 1.1 Dodging
 + Level 1.8 Spellcasting
 + Level 3.2 Fire Magic


You had 6 spell levels left.
You didn't know any spells.
Your spell library contained the following spells:

 Spells                   Type           Power      Damage    Failure   Level
 Scorch                   Fire           20%        2d6       21%         2
 Cigotuvi's Dreadful Rot  Necr/Pois/Air  2%         N/A       58%         2
 Poisonous Vapours        Pois/Air       2%         N/A       58%         2
 Mephitic Cloud           Conj/Pois/Air  1%         N/A       83%         3


Dungeon Overview and Level Annotations

Branches:
Dungeon (3/15)

Altars:
Dithmenos
Fedhas
Qazlal
Trog


Innate Abilities, Weirdness & Mutations

You are completely covered in rugged brown scales. (AC +3, +7% HP)
Armour fits poorly on your strangely shaped body.
You have a long armoured tail.
You roll when moving toward enemies. (Rampage)
Your long tongue fully drains potion bottles. (2x potion effects)
Your tongue gives you trouble enunciating. (1.5x scroll delay)


Message History

The orc hits you with a +0 hand axe.
The orc hits your foxfire with a +0 hand axe. x3
The orc misses your foxfire.
Your foxfire dissipates!
The orc attacks as you move away! The orc hits you with a +0 hand axe.
The orc closely misses your foxfire.
The orc hits your foxfire with a +0 hand axe.
The orc barely misses your foxfire.
The foxfire hits the orc.
The orc is lightly wounded.
The foxfire hits the orc.
The orc is moderately wounded.
The foxfire hits the orc.
The orc is moderately wounded.
The orc hits you from afar with a +0 trident.
Your foxfire dissipates!
The orc attacks as you move away! The orc hits you but does no damage.
You hit the orc. You burn the orc.
The orc is heavily wounded.
The orc barely misses you.
You hit the orc. You burn the orc.
The orc is almost dead.
The orc hits you with a +0 mace. The orc hits you but does no damage. x2
You barely miss the orc.
The orc is almost dead.
The orc hits you from afar with a +0 trident.
The orc hits you with a +0 mace. The orc hits you but does no damage.
The orc hits you from afar with a +0 trident.
You barely miss the orc.
Your tail-slap misses the orc.
The orc is almost dead.
The orc hits you from afar with a +0 trident.
* * * LOW HITPOINT WARNING * * *
The orc hits you with a +0 mace.
* * * LOW HITPOINT WARNING * * *
You slurp down every last drop of the smoky orange potion!
It was a potion of resistance.
You feel protected. The orc hits you but does no damage.
The orc hits you with a +0 mace.
* * * LOW HITPOINT WARNING * * *
The orc hits you with a +0 mace.
You die...

############ ###.......≈≈≈###.##
........>... .'.........≈≈≈....
####....#### #...............≈
####.†..#########.........###..≈≈
#...^...........................≈
#.......#########.....###########
#.......#........####........# #
#.......#.######.# #........####
#.......# #@# #........'...
#.......#.##.#+#o# #........####
###.###.#......oo# #........#
###.###.#.......o# #........#
........#........# #........####
###.#####........# #####........
# #... .##.#.#.# #........ #
##### ...#.#.# #........ # ###
#.#.# ##.######


You could see 4 orcs.

Vanquished Creatures
  3 gnolls (D:3)
  An adder (D:3)
  A worm (D:3)
  A dart slug (D:2)
  9 orcs (D:3)
  2 endoplasms (D:3)
  4 goblins
  10 hobgoblins
  2 jackals (D:3)
  4 quokkas
  3 ball pythons
  3 bats
  2 frilled lizards
  5 kobolds
  4 rats
54 creatures vanquished.

Vanquished Creatures (others)
  4 foxfires (D:3)
4 creatures vanquished.

Grand Total: 58 creatures vanquished

Notes
Turn   | Place    | Note
-------+----------+-------------------------------------------
     0 | D:1      | Pimp the Armataur Cinder Acolyte began the quest for the
                  | Orb.
     0 | D:1      | Reached XP level 1. HP: 19/19 MP: 2/2
   190 | D:1      | Reached XP level 2. HP: 26/26 MP: 3/3
   849 | D:2      | Reached XP level 3. HP: 21/32 MP: 3/5
  1349 | D:2      | Found a blossoming altar of Fedhas.
  1420 | D:2      | Found a faded altar of an unknown god.
  1861 | D:3      | Found a stormy altar of Qazlal.
  2100 | D:3      | Reached skill level 1 in Dodging
  2106 | D:3      | Reached XP level 4. HP: 33/40 MP: 6/6
  2151 | D:3      | Found a shadowy altar of Dithmenos.
  2154 | D:3      | Found a bloodstained altar of Trog.
  2424 | D:3      | Lost dexterity.
  2426 | D:3      | HP: 2/40 [gnoll/+2 flail of protection (2)]
  2587 | D:3      | Slain by an orc

Illustrated notes

Levels and vault maps discovered:
D:1:      mushboom_english_gardens, layout_basic
D:2:      layout_basic, basic_altar,
          dreamdust_ecumenical_altar_hidden_monk_grotto,
          minmay_goblin_kobold_house
D:3:      layout_basic, mainiacjoe_overflow_tiny_flanked,
          mainiacjoe_overflow_divided_tiny, chequers_serial_rivers_small_b,
          serial_bayou_pond_d

Skill      XL: |  1  2  3 |
---------------+----------+-----
Fire Magic     | 3 |  3.2
Fighting       | 3 |  3.2
Dodging        | 1 |  1.1
Axes           | |  2.9
Spellcasting   | |  1.8

Action                     |  1- 3 |  4- 6 || total
---------------------------+-------+-------++-------
  Melee: Hand axe          |   112 |    24 ||   136
         Tailslap          |     5 |     1 ||     6
         Punch             |       |     1 ||     1
 Invoke: Fiery Armour      |     1 |     2 ||     3
         Foxfire Swarm     |       |     1 ||     1
         Rising Flame      |       |     1 ||     1
    Use: Scroll            |     9 |       ||     9
         Potion            |       |     2 ||     2
 Armour: Ring mail         |    50 |    14 ||    64
  Dodge: Dodged            |    49 |    11 ||    60

Table legend: (Time is in decaauts)
 A = Elapsed time spent in this place.
 B = Non-inter-level travel time spent in this place.
 C = Inter-level travel time spent in this place.
 D = Time resting spent in this place.
 E = Time spent auto-exploring this place.
 F = Levels seen in this place.
 G = Mean time per level.
                   A        B        C        D        E       F      G
               +--------+--------+--------+--------+--------+-----+--------+
         Total |   2694 |   2591 |    103 |    396 |   1755 |   3 |  898.0 |
       Dungeon |   2694 |   2591 |    103 |    396 |   1755 |   3 |  898.0 |
               +--------+--------+--------+--------+--------+-----+--------+

Top non-repeatable levels by time:
     D:2: 1067 daAuts
     D:3: 889 daAuts
     D:1: 737 daAuts
